% Time on Ice - EDMONTON ICE
Lines # - Real PCT - Wanted PCT - Time Play
Normal Forward
1 - 36% - 36% - 20:07
2 - 33% - 33% - 18:17
3 - 24% - 24% - 13:19
4 - 7% - 7% - 3:43
Normal Defense
1 - 36% - 37% - 20:10
2 - 25% - 32% - 14:08
3 - 26% - 23% - 14:18
4 - 12% - 8% - 6:50
PP Forward
1 - 42% - 60% - 1:41
2 - 58% - 40% - 2:17
PP Defense
1 - 37% - 60% - 1:28
2 - 63% - 40% - 2:30
PK Forward
1 - 100% - 60% - 0:36
2 - 0% - 40% - 0:00
PK Defense
1 - 72% - 60% - 0:26
2 - 28% - 40% - 0:10
PK3 Forward
1 - 0% - 55%
2 - 0% - 45%
PK3 Defense
1 - 0% - 55%
2 - 0% - 45%
44 Forward
1 - 0% - 55%
2 - 0% - 45%
44 Defense
1 - 0% - 55%
2 - 0% - 45%
Last Minute Offensive  - 0:00
Last Minute Defensive  - 0:00
Total
Forward - 60:00
Defense - 60:00
% Time on Ice - LOS ANGELES SEALS
Lines # - Real PCT - Wanted PCT - Time Play
Normal Forward
1 - 37% - 36% - 20:35
2 - 30% - 31% - 16:30
3 - 26% - 26% - 14:33
4 - 7% - 7% - 3:48
Normal Defense
1 - 31% - 33% - 17:22
2 - 35% - 33% - 19:20
3 - 25% - 24% - 13:56
4 - 9% - 10% - 4:48
PP Forward
1 - 44% - 55% - 0:16
2 - 56% - 45% - 0:20
PP Defense
1 - 44% - 55% - 0:16
2 - 56% - 45% - 0:20
PK Forward
1 - 54% - 55% - 2:09
2 - 46% - 45% - 1:49
PK Defense
1 - 53% - 55% - 2:07
2 - 47% - 45% - 1:51
PK3 Forward
1 - 0% - 55%
2 - 0% - 45%
PK3 Defense
1 - 0% - 55%
2 - 0% - 45%
44 Forward
1 - 0% - 55%
2 - 0% - 45%
44 Defense
1 - 0% - 55%
2 - 0% - 45%
Last Minute Offensive  - 0:00
Last Minute Defensive  - 0:00
Total
Forward - 60:00
Defense - 60:00
Play-by-Play 1st period 0:01 of 1st period - David Krejci wins face-off versus Jack Eichel in neutral zone. 1:33 of 1st period - Shot by Steven Stamkos. 1:33 of 1st period - Stopped by Vitek Vanecek without a rebound. 1:34 of 1st period - Mikael Backlund wins face-off versus Dawson Mercer in EDMONTON ICE zone. 1:38 of 1st period - Minor Penalty to Matthew Boldy for Hooking. 1:39 of 1st period - Dawson Mercer wins face-off versus Mikael Backlund in LOS ANGELES SEALS zone. 2:16 of 1st period - Shot by Scott Laughton. 2:16 of 1st period - Shot Misses the Net. 2:44 of 1st period - Shot by Jack Eichel. 2:44 of 1st period - Stopped by Marc-Andre Fleury without a rebound. 2:45 of 1st period - David Krejci wins face-off versus Dawson Mercer in LOS ANGELES SEALS zone. 3:01 of 1st period - Dawson Mercer is hit by Noah Dobson and loses puck. 3:04 of 1st period - Shot by Ryan Graves. 3:04 of 1st period - Stopped by Marc-Andre Fleury with a rebound. 3:28 of 1st period - Alex Tuch is hit by David Krejci and loses puck. 3:43 of 1st period - Shot by Anthony Beauvillier. 3:43 of 1st period - Shot Blocked by Drew Doughty. 3:45 of 1st period - Shot by Jonas Brodin. 3:45 of 1st period - Stopped by Marc-Andre Fleury without a rebound. 3:46 of 1st period - Mason McTavish wins face-off versus Evgeny Dadonov in LOS ANGELES SEALS zone. 3:53 of 1st period - Shot by Mason McTavish. 3:53 of 1st period - Stopped by Vitek Vanecek with a rebound. 4:08 of 1st period - Anthony Beauvillier is hit by Alex Goligoski and loses puck. 4:24 of 1st period - Shot by Thomas Novak. 4:24 of 1st period - Shot Misses the Net. 4:47 of 1st period - Jack Eichel is hit by Brandon Carlo and loses puck. 4:51 of 1st period - Alex Tuch is hit by Brandon Carlo and loses puck. 5:15 of 1st period - Icing by Jake Evans. 5:16 of 1st period - Mason McTavish wins face-off versus Dawson Mercer in LOS ANGELES SEALS zone. 5:16 of 1st period - Mason McTavish is hit by Scott Laughton. 5:32 of 1st period - Shot by Shea Theodore. 5:32 of 1st period - Shot Misses the Net. 5:44 of 1st period - Shot by Michael Matheson. 5:44 of 1st period - Shot Misses the Net. 5:46 of 1st period - Shot by Scott Laughton. 5:46 of 1st period - Shot Misses the Net. 5:48 of 1st period - Shot by Scott Laughton. 5:48 of 1st period - Stopped by Marc-Andre Fleury without a rebound. 5:49 of 1st period - Thomas Novak wins face-off versus Mikael Backlund in LOS ANGELES SEALS zone. 6:12 of 1st period - Shot by Mikael Backlund. 6:12 of 1st period - Shot Blocked by Zach Whitecloud. 6:14 of 1st period - Shot by Mikael Backlund. 6:14 of 1st period - Shot Misses the Net. 6:16 of 1st period - Shot by Noah Cates. 6:16 of 1st period - Shot Misses the Net. 6:18 of 1st period - Shot by Matthew Boldy. 6:18 of 1st period - Shot Misses the Net. 6:20 of 1st period - Shot by Noah Dobson. 6:20 of 1st period - Shot Misses the Net. 6:54 of 1st period - Shot by David Krejci. 6:54 of 1st period - Shot Blocked by Tomas Tatar. 7:32 of 1st period - Shot by Nikita Kucherov. 7:32 of 1st period - Shot Misses the Net. 7:34 of 1st period - Shot by Nikita Kucherov. 7:34 of 1st period - Deflect By Claude Giroux. 7:34 of 1st period - Shot Misses the Net. 7:53 of 1st period - Off-side. 7:54 of 1st period - Anton Lundell wins face-off versus Steven Stamkos in neutral zone. 8:05 of 1st period - Shot by Tanner Jeannot. 8:05 of 1st period - Shot Misses the Net. 8:20 of 1st period - Shot by Anton Lundell. 8:20 of 1st period - Stopped by Marc-Andre Fleury without a rebound. 8:21 of 1st period - Mikael Backlund wins face-off versus Jack Eichel in LOS ANGELES SEALS zone. 8:21 of 1st period - Noah Cates is hit by Alex Tuch. 8:33 of 1st period - Shot by Jack Eichel. 8:33 of 1st period - Shot Misses the Net. 9:53 of 1st period - Icing by Ryan Graves. 9:54 of 1st period - Steven Stamkos wins face-off versus Dawson Mercer in EDMONTON ICE zone. 10:20 of 1st period - Shot by Owen Tippett. 10:20 of 1st period - Shot Blocked by Ryan Graves. 10:23 of 1st period - Icing by Jordan Spence. 10:24 of 1st period - Mikael Backlund wins face-off versus Dawson Mercer in EDMONTON ICE zone. 10:35 of 1st period - Icing by Scott Laughton. 10:36 of 1st period - David Krejci wins face-off versus Dawson Mercer in EDMONTON ICE zone. 11:05 of 1st period - Shot by Nikita Kucherov. 11:05 of 1st period - Stopped by Vitek Vanecek without a rebound. 11:06 of 1st period - Thomas Novak wins face-off versus Steven Stamkos in EDMONTON ICE zone. 11:11 of 1st period - Brent Burns is hit by Anthony Beauvillier and loses puck. 11:52 of 1st period - Shot by Steven Stamkos. 11:52 of 1st period - Deflect By Owen Tippett. 11:52 of 1st period - Shot Misses the Net. 12:30 of 1st period - Shot by Claude Giroux. 12:30 of 1st period - Shot Blocked by Michael Matheson. 12:32 of 1st period - Shot by Noah Dobson. 12:32 of 1st period - Shot Blocked by Michael Matheson. 12:36 of 1st period - Shot by Nikita Kucherov. 12:36 of 1st period - Shot Misses the Net. 12:54 of 1st period - Icing by Shea Theodore. 12:55 of 1st period - Mikael Backlund wins face-off versus Jack Eichel in EDMONTON ICE zone. 13:52 of 1st period - Icing by Drew Doughty. 13:53 of 1st period - Steven Stamkos wins face-off versus Dawson Mercer in LOS ANGELES SEALS zone. 15:02 of 1st period - Shot by Claude Giroux. 15:02 of 1st period - Stopped by Vitek Vanecek without a rebound. 15:03 of 1st period - Mikael Backlund wins face-off versus Thomas Novak in EDMONTON ICE zone. 15:06 of 1st period - Shot by Noah Cates. 15:06 of 1st period - Shot Misses the Net. 15:08 of 1st period - Shot by Matthew Boldy. 15:08 of 1st period - Stopped by Vitek Vanecek without a rebound. 15:09 of 1st period - David Krejci wins face-off versus Thomas Novak in EDMONTON ICE zone. 16:33 of 1st period - Shot by Gustav Nyquist. 16:33 of 1st period - Shot Misses the Net. 16:35 of 1st period - Shot by Jack Eichel. 16:35 of 1st period - Shot Misses the Net. 16:37 of 1st period - Shot by Jack Eichel. 16:37 of 1st period - Stopped by Marc-Andre Fleury without a rebound. 16:38 of 1st period - Mikael Backlund wins face-off versus Dawson Mercer in LOS ANGELES SEALS zone. 16:38 of 1st period - Mikael Backlund is hit by Dawson Mercer. 16:46 of 1st period - Shot by Mikael Backlund. 16:46 of 1st period - Stopped by Vitek Vanecek without a rebound. 16:47 of 1st period - Matthew Boldy wins face-off versus Dawson Mercer in EDMONTON ICE zone. 16:54 of 1st period - Shot by Matthew Boldy. 16:54 of 1st period - Stopped by Vitek Vanecek with a rebound. 17:14 of 1st period - Shot by Dawson Mercer. 17:14 of 1st period - Stopped by Marc-Andre Fleury without a rebound. 17:15 of 1st period - Jack Eichel wins face-off versus David Krejci in LOS ANGELES SEALS zone. 17:30 of 1st period - Shot by Claude Giroux. 17:30 of 1st period - Deflect By Nikita Kucherov. 17:30 of 1st period - Stopped by Vitek Vanecek without a rebound. 17:31 of 1st period - Steven Stamkos wins face-off versus Anton Lundell in EDMONTON ICE zone. 17:45 of 1st period - Minor Penalty to Tanner Jeannot for Holding. 17:46 of 1st period - Steven Stamkos wins face-off versus Anton Lundell in EDMONTON ICE zone. 18:01 of 1st period - Shot by Noah Dobson. 18:01 of 1st period - Stopped by Vitek Vanecek without a rebound. 18:02 of 1st period - Anton Lundell wins face-off versus Claude Giroux in EDMONTON ICE zone. 18:21 of 1st period - Shot by Mason McTavish. 18:21 of 1st period - Deflect By Owen Tippett. 18:21 of 1st period - Goal by Owen Tippett - EDMONTON ICE : 0 - LOS ANGELES SEALS : 1. 18:22 of 1st period - Mikael Backlund wins face-off versus Jack Eichel in neutral zone. 18:54 of 1st period - Shot by Jack Eichel. 18:54 of 1st period - Deflect By Gustav Nyquist. 18:54 of 1st period - Stopped by Marc-Andre Fleury without a rebound. 18:55 of 1st period - David Krejci wins face-off versus Dawson Mercer in LOS ANGELES SEALS zone. 19:07 of 1st period - Icing by Michael Matheson. 19:08 of 1st period - Steven Stamkos wins face-off versus Dawson Mercer in EDMONTON ICE zone. Goals for this period are 0 for EDMONTON ICE vs 1 for LOS ANGELES SEALS. Shots for this period are 8 for EDMONTON ICE vs 10 for LOS ANGELES SEALS. 2nd period 0:01 of 2nd period - David Krejci wins face-off versus Thomas Novak in neutral zone. 0:24 of 2nd period - Evgeny Dadonov is hit by Claude Giroux and loses puck. 0:31 of 2nd period - Shot by Nikita Kucherov. 0:31 of 2nd period - Shot Misses the Net. 0:39 of 2nd period - Shot by Claude Giroux. 0:39 of 2nd period - Shot Misses the Net. 0:43 of 2nd period - Shot by Brent Burns. 0:43 of 2nd period - Shot Misses the Net. 1:04 of 2nd period - Claude Giroux is hit by Michael Matheson. 1:44 of 2nd period - Shot by Tomas Tatar. 1:44 of 2nd period - Shot Misses the Net. 1:46 of 2nd period - Shot by Scott Laughton. 1:46 of 2nd period - Stopped by Marc-Andre Fleury without a rebound. 1:47 of 2nd period - Steven Stamkos wins face-off versus Jack Eichel in LOS ANGELES SEALS zone. 1:58 of 2nd period - Shot by Owen Tippett. 1:58 of 2nd period - Shot Blocked by Alex Tuch. 2:12 of 2nd period - Shot by Jack Eichel. 2:12 of 2nd period - Stopped by Marc-Andre Fleury with a rebound. 2:34 of 2nd period - Shot by Jack Eichel. 2:34 of 2nd period - Stopped by Marc-Andre Fleury with a rebound. 3:14 of 2nd period - Noah Cates is hit by Tanner Jeannot and loses puck. 3:37 of 2nd period - Shot by Scott Laughton. 3:37 of 2nd period - Deflect By Dawson Mercer. 3:37 of 2nd period - Stopped by Marc-Andre Fleury without a rebound. 3:38 of 2nd period - David Krejci wins face-off versus Dawson Mercer in LOS ANGELES SEALS zone. 3:40 of 2nd period - Nikita Kucherov is hit by Tomas Tatar and loses puck. 3:51 of 2nd period - Dawson Mercer is hit by Claude Giroux and loses puck. 3:58 of 2nd period - Shot by Nikita Kucherov. 3:58 of 2nd period - Stopped by Vitek Vanecek with a rebound. 5:10 of 2nd period - Shot by Alex Tuch. 5:10 of 2nd period - Shot Misses the Net. 5:24 of 2nd period - Shot by Steven Stamkos. 5:24 of 2nd period - Shot Blocked by Thomas Novak. 5:50 of 2nd period - Shot by Evgeny Dadonov. 5:50 of 2nd period - Shot Misses the Net. 5:52 of 2nd period - Shot by Evgeny Dadonov. 5:52 of 2nd period - Shot Misses the Net. 5:54 of 2nd period - Shot by Ryan Graves. 5:54 of 2nd period - Shot Hit the Post. 5:58 of 2nd period - Shot by Evgeny Dadonov. 5:58 of 2nd period - Stopped by Marc-Andre Fleury without a rebound. 5:59 of 2nd period - Mikael Backlund wins face-off versus Dawson Mercer in LOS ANGELES SEALS zone. 6:26 of 2nd period - Shot by Tomas Tatar. 6:26 of 2nd period - Stopped by Marc-Andre Fleury without a rebound. 6:27 of 2nd period - Mason McTavish wins face-off versus Jack Eichel in LOS ANGELES SEALS zone. 7:05 of 2nd period - Shot by Noah Dobson. 7:05 of 2nd period - Stopped by Vitek Vanecek without a